 Dungeon Crawl Stone Soup version 0.31-a0-133-gaae73658be (webtiles) character file.

Game seed: 3903039220938464335

14 mopl the Trooper (level 2, -4/24 HPs)
             Began as a Demonspawn Fighter on June 2, 2023.
             Killed by divine providence
             ... invoked by an orc priest
              (13 damage)
             ... on level 2 of the Dungeon.
             The game lasted 00:00:54 (447 turns).

mopl the Trooper (Demonspawn Fighter)                Turns: 447, Time: 00:00:55

Health: -4/24      AC:  7    Str: 16    XL:     2   Next: 27%
Magic:  2/2        EV:  9    Int:  9    God:
Gold:   35         SH:  4    Dex: 12    Spells: 1/1 levels left

rFire   . . .        a - +0 war axe
rCold   . . .        c - +0 buckler
rNeg    . . .        b - +0 scale mail
rPois   .            (no helmet)
rElec   .            (no cloak)
rCorr   .            (no gloves)
SInv    .            g - +0 pair of boots
Will    .....        (no amulet) Stlth
                     (no ring)
HPRegen 0.24/turn    (no ring)
MPRegen 0.08/turn

%: no passive effects
@: no status effects
A: demonic touch 1
a: no special abilities


You were on level 2 of the Dungeon.
You visited 1 branch of the dungeon, and saw 2 of its levels.

You collected 35 gold pieces.

Inventory:

Hand Weapons
 a - a +0 war axe (weapon)
Missiles
 e - 10 poisoned darts (quivered)
Armour
 b - a +0 scale mail (worn)
 c - a +0 buckler (worn)
 g - a +0 pair of boots (worn)
Scrolls
 f - a scroll of blinking {unknown}
 h - 2 scrolls of teleportation {unknown}
 j - a scroll of magic mapping {unknown}
Potions
 d - a potion of might
 i - a potion of berserk rage {unknown}


   Skills:
 + Level 3.1 Fighting
 * Level 2.2 Axes
 + Level 2.8 Armour
 + Level 0.5 Dodging
 - Level 2.6 Shields


You had one spell level left.
You didn't know any spells.
Your spell library contained the following spells:

 Spells                   Type           Power      Damage    Failure   Level
 Freeze                   Ice            0%         1d3       88%         1
 Ensorcelled Hibernation  Hex/Ice        0%         N/A       96%         2
 Frozen Ramparts          Ice            0%         1d1       99%         3
 Ice Form                 Ice/Tmut       0%         N/A       100%        4
 Polar Vortex             Ice            0%         N/A       100%        9


Dungeon Overview and Level Annotations

Branches:
Dungeon (2/15)

Altars:


Innate Abilities, Weirdness & Mutations

Your touch may inflict minor irresistible damage on your foes.


Message History

The goblin hits you with a +0 dagger.
You closely miss the goblin. The goblin hits you with a +0 dagger.
You hit the goblin but do no damage. The goblin hits you but does no damage.
The goblin barely misses you.
You hit the goblin.
You kill the goblin!
You see here a +0 dagger. 3 orcs come into view.
An orc is wielding a +1 hand axe of draining.
The orc shouts!
An orc comes into view. It is wielding a +0 short sword.
An orc priest comes into view.
It is wielding a +0 short sword. 2 orcs come into view.
The orc priest shouts!
The orc shouts! x2
You start waiting.
An orc is nearby!
You hit the orc.
The orc is moderately wounded.
The orc misses you.
You hit the orc.
The orc is almost dead.
The orc barely misses you.
You closely miss the orc.
The orc is almost dead.
You hit the orc. The orc hits you but does no damage.
You block the orc's attack.
The orc priest looks satisfied for a moment.
You hit the orc but do no damage.
The orc is almost dead.
You hit the orc. The orc hits you with a +0 hand axe.
The orc hits you with a +0 whip. The orc barely misses you.
The orc hits you with a +0 whip.
You closely miss the orc.
The orc is almost dead.
You barely miss the orc. The orc hits you but does no damage.
The orc hits you with a +0 whip.
The orc priest mumbles some strange prayers to Beogh against you.
Beogh smites you!
Ouch! That really hurt!
You die...

#.. .......#.#
.8o.o8.#.#
...o.o.#.#
.....o.#.#
..o....#.#
.8..o8.#.#
.......#@#
.....oooo#
#####....###.#
...#.# #..# #...
#.## #..# #.# #..#
#.#
#..#######.######.
#.........).......


You could see an orc priest and 3 orcs.

Vanquished Creatures
  2 endoplasms (D:1)
  4 goblins
  A hobgoblin (D:1)
  2 bats (D:1)
  4 frilled lizards (D:1)
13 creatures vanquished.

Notes
Turn   | Place    | Note
-------+----------+-------------------------------------------
     0 | D:1      | mopl the Demonspawn Fighter began the quest for the Orb.
     0 | D:1      | Reached XP level 1. HP: 18/18 MP: 1/1
    44 | D:1      | Found a faded altar of an unknown god.
    49 | D:1      | Got the Monograph on Frostbite
    84 | D:1      | Reached skill level 2 in Axes
   168 | D:1      | Gained mutation: Your touch may inflict minor irresistible
                  | damage on your foes. [demonic ancestry]
   168 | D:1      | Reached XP level 2. HP: 23/24 MP: 2/2
   447 | D:2      | Killed from afar by an orc priest

Illustrated notes

Levels and vault maps discovered:
D:1:      lightli_arrival_chessboard, layout_rooms,
          chequers_ecumenical_altar_simple
D:2:      cheibrodos_pilgrimage, layout_loops_ring, corexii_hall_statues_x,
          minmay_pentomino_o4

Skill      XL: |  1 |
---------------+----+-----
Axes           | 2 |  2.2
Fighting       | |  3.1
Armour         | |  2.8
Dodging        | |  0.5
Shields        | |  2.6

Action                     || total
---------------------------++-------
  Melee: War axe           ||    58
 Armour: Scale mail        ||    33
  Dodge: Dodged            ||    28
  Block: Buckler           ||    10

Table legend: (Time is in decaauts)
 A = Elapsed time spent in this place.
 B = Non-inter-level travel time spent in this place.
 C = Inter-level travel time spent in this place.
 D = Time resting spent in this place.
 E = Time spent auto-exploring this place.
 F = Levels seen in this place.
 G = Mean time per level.
                   A        B        C        D        E       F      G
               +--------+--------+--------+--------+--------+-----+--------+
         Total |    471 |    453 |     18 |      2 |    295 |   2 |  235.5 |
       Dungeon |    471 |    453 |     18 |      2 |    295 |   2 |  235.5 |
               +--------+--------+--------+--------+--------+-----+--------+

Top non-repeatable levels by time:
     D:1: 419 daAuts
     D:2: 51 daAuts
